 Dungeon Crawl Stone Soup version 0.29-a0-330-g52719c12eb (webtiles) character file.

Game seed: 17933524419043634823

16 Darthill6464 the Grave Robber (level 2, -1/19 HPs)
             Began as a Mummy Necromancer on May 8, 2022.
             Slain by a quokka (3 damage)
             ... on level 2 of the Dungeon.
             The game lasted 00:01:39 (514 turns).

Darthill6464 the Grave Robber (Mummy Necromancer)    Turns: 514, Time: 00:01:40

Health: -1/19      AC:  2    Str: 11    XL:     2   Next: 41%
Magic:  0/5        EV: 12    Int: 14    God:
Gold:   35         SH:  0    Dex: 12    Spells: 4/6 levels left

rFire   x . .      SeeInvis .   (no weapon)
rCold   + . .      Faith    .   (no shield)
rNeg    + + +      Spirit   .   a - +0 robe
rPois   ∞          Reflect  .   (no helmet)
rElec   .          Harm     .   (no cloak)
rCorr   .          Rampage  .   (no gloves)
Will    .....                   (no boots)
Stlth   ++........              (no amulet)
HPRegen 0.06/turn               (no ring)
MPRegen 0.09/turn               (no ring)

@: no status effects
A: cold resistance 1, negative energy resistance 3, torment resistance 2, heat
vulnerability 1, no potions
a: no special abilities


You were on level 2 of the Dungeon.
You visited 1 branch of the dungeon, and saw 2 of its levels.

You collected 35 gold pieces.

Inventory:

Armour
 a - a +0 robe (worn)
Scrolls
 b - a scroll of identify {unknown}
 c - a scroll of teleportation {unknown}


   Skills:
 + Level 1.6 Dodging
 + Level 1.6 Stealth
 + Level 2.9 Spellcasting
 + Level 4.5 Necromancy


You had 4 spell levels left.
You knew the following spells:

 Your Spells              Type           Power      Damage    Failure   Level
a - Pain                  Necr           56%        1d6       3%          1
b - Animate Skeleton      Necr           28%        N/A       3%          1

Your spell library contained the following spells:

 Spells                   Type           Power      Damage    Failure   Level
 Vampiric Draining        Necr           14%        2d7       10%         3
 Animate Dead             Necr           7%         N/A       32%         4
 Agony                    Necr           14%        N/A       67%         5


Dungeon Overview and Level Annotations

Branches:
Dungeon (1/15)

Altars:


Innate Abilities, Weirdness & Mutations

You are immune to poison.
Your flesh is cold resistant. (rC+)
You are immune to negative energy. (rN+++)
You are immune to unholy pain and torment.
You are vulnerable to heat. (rF-)
You do not drink.


Message History

Casting: Pain (safe; 3% risk of failure)
Confirm with . or Enter, or press ? or * to list all spells.
Aiming: Pain (safe; 3% risk of failure)
Press: ? - help, Shift-Dir - straight line, f - adder
Aim: an adder (chance to affect: 78%)
The adder writhes in agony.
The adder bites you.
Casting: Pain (safe; 3% risk of failure)
Confirm with . or Enter, or press ? or * to list all spells.
Aiming: Pain (safe; 3% risk of failure)
Press: ? - help, Shift-Dir - straight line, f/p - adder
Aim: an adder (moderately wounded, chance to affect: 78%)
The adder writhes in agony.
The adder barely misses you.
Casting: Pain (safe; 3% risk of failure)
Confirm with . or Enter, or press ? or * to list all spells.
You don't have enough magic to cast this spell.
Unknown command.
You hit the adder.
The adder is severely wounded.
The adder bites you.
You hit the adder.
The adder is almost dead.
The adder barely misses you. The adder bites you.
You barely miss the adder.
The adder is almost dead.
The adder closely misses you.
You miss the adder.
The adder is almost dead.
The adder bites you.
You barely miss the adder.
The adder is almost dead.
The adder bites you. x2
* * * LOW HITPOINT WARNING * * *
You hit the adder.
You kill the adder!
The quokka closely misses you.
You have reached level 2!
You hit the quokka.
The quokka is severely wounded.
The quokka bites you.
You die...

..... .......
......... ..
#.......#...
##.......#.##
#........!...
####.#..........
#@rS.......#..##
####.#.#........
#...#...#.###
###.[........
###+#####.#


You could see a quokka and a ball python.

Vanquished Creatures
  An adder (D:2)
  A ball python (D:1)
  2 bats (D:1)
  2 hobgoblins
  A rat (D:1)
7 creatures vanquished.

Notes
Turn   | Place    | Note
-------+----------+-------------------------------------------
     0 | D:1      | Darthill6464 the Mummy Necromancer began the quest for the
                  | Orb.
     0 | D:1      | Reached XP level 1. HP: 13/13 MP: 4/4
    63 | D:1      | Learned a level 1 spell: Animate Skeleton
   396 | D:1      | Found a faded altar of an unknown god.
   493 | D:1      | You fall into a shaft and drop 1 floor!
   514 | D:2      | Reached XP level 2. HP: 2/19 MP: 0/5
   514 | D:2      | Slain by a quokka

Illustrated notes

Levels and vault maps discovered:
D:1:      minmay_arrival_loop, layout_loops_ring,
          shapermc_ecumenical_altar_totnotflames
D:2:      layout_basic, nicolae_figureground_pulse

Action                   || total
-------------------------++-------
Melee: Unarmed           ||    17
 Cast: Pain              ||    15
       Animate Skeleton  ||     2
Armor: Robe              ||     7
Dodge: Dodged            ||    20

Table legend: (Time is in decaauts)
 A = Elapsed time spent in this place.
 B = Non-inter-level travel time spent in this place.
 C = Inter-level travel time spent in this place.
 D = Time resting spent in this place.
 E = Time spent auto-exploring this place.
 F = Levels seen in this place.
 G = Mean time per level.
                   A        B        C        D        E       F      G
               +--------+--------+--------+--------+--------+-----+--------+
         Total |    513 |    513 |      0 |    175 |    119 |   2 |  256.5 |
       Dungeon |    513 |    513 |      0 |    175 |    119 |   2 |  256.5 |
               +--------+--------+--------+--------+--------+-----+--------+

Top non-repeatable levels by time:
     D:1: 493 daAuts
     D:2: 20 daAuts
